cohdb
Replays
Latest Replays
All Replays
Popular Replays
Top Player Replays
Match Explorer
How It Works
Community
CoH3 Stats
Reddit
Sign in to upload your games and track your stats! →
Sign in with Steam
Match 47299949
Unlisted
Match 47299949
Overview
Messages
Build Orders
End
Panzergrenadier Squad
Selects Italian Combined Arms Battlegroup
Selects Bersaglieri Squad
Panzerpioneer Squad
Bersaglieri Squad
Construct Light Support Kompanie
Kradschützen Motorcycle Team
Selects Bersaglieri Bolster
MG34 Team
Assault Grenadier Squad
Fire Support Elements
Assault Mechanized Group
伯牙绝弦观千剑
♠♣ Kvothe ♠♣
0
0
Comments
sign in to comment!
No comments posted yet!